 Dungeon Sprint DCSS version 0.28-a0-983-g1de4e0787c (webtiles) character file.

Game seed: 10614480714013926118

508 tatocazan the Fighter (level 6, -2/56 HPs)
             Began as a Demonspawn Fighter on Dec 3, 2021.
             Was a Follower of Okawaru.
             Slain by a shadow (10 damage)
             ... in the Dungeon (Sprint IX: "|||||||||||||||||||||||||||||").
             The game lasted 00:01:14 (433 turns).

tatocazan the Fighter (Demonspawn Fighter)           Turns: 433, Time: 00:01:14

Health: -2/56      AC: 23    Str: 21    XL:     6   Next: 98%
Magic:  6/6        EV:  8    Int: 11    God:    Okawaru [*.....]
Gold:   0          SH:  0    Dex: 13    Spells: 5/5 levels left

rFire   . . .      SeeInvis .   m - +2 halberd (protect)
rCold   . . .      Faith    .   (shield currently unavailable)
rNeg    . . .      Spirit   .   p - +1 chain mail
rPois   .          Reflect  .   c - +0 helmet
rElec   .          Harm     .   (no cloak)
rCorr   .          Rampage  .   o - +0 pair of gloves
Will    .....      NoTele   +   (no boots)
Stlth   ..........              (no amulet)
HPRegen 0.18/turn               q - +3 ring of strength
MPRegen 0.10/turn               r - +2 ring of protection

@: under a protective aura, hasted, very quick
A: big brain 1, demonic magic 1, weakness stinger 2
a: Renounce Religion, Heroism


You were in the Dungeon.
You worshipped Okawaru.
Okawaru was aware of your devotion.
You visited 1 branch

Inventory:

Hand Weapons
 a - a +0 trident
 m - a +2 halberd of protection (weapon)
 n - a +4 spectral quarterstaff
Armour
 b - a +0 scale mail
 c - a +0 helmet (worn)
 o - a +0 pair of gloves (worn)
 p - a +1 chain mail (worn)
Jewellery
 q - a +3 ring of strength (left hand)
 r - a +2 ring of protection (right hand)
Wands
 l - a wand of acid (10)
Scrolls
 j - 2 scrolls of blinking
 k - 2 scrolls of amnesia
Potions
 d - a potion of might
 e - 5 potions of curing
 f - 3 potions of heal wounds
 h - 4 potions of magic
 i - a potion of invisibility


   Skills:
 + Level 8.1 Fighting
 + Level 7.0 Polearms
 + Level 7.4 Armour
 + Level 7.4 Shields


You had 5 spell levels left.
You didn't know any spells.
Your spell library was empty.

Dungeon Overview and Level Annotations

Branches:
Dungeon (1/1)

Altars:
Cheibriados
Dithmenos
Elyvilon
Fedhas
Gozag
Hepliaklqana
Kikubaaqudgha
Makhleb
Nemelex Xobeh
Okawaru
Qazlal
Ru
Sif Muna
Trog
Uskayaw
Vehumet
Wu Jian
Xom
Yredelemnul
Zin
The Shining One
Beogh
Jiyva
Lugonu


Innate Abilities, Weirdness & Mutations

You have an unusually large brain. (Int +2)
Spells you cast may paralyse adjacent enemies.
You have a tail ending in a sharp stinger.


Message History

You hit the wraith but do no damage.
The wraith is moderately damaged.
The wraith hits you but does no damage.
You hit the wraith but do no damage.
The wraith is moderately damaged.
The wraith barely misses you.
You slash the wraith!
The wraith is heavily damaged.
The wraith barely misses you.
You puncture the wraith!
The wraith is almost destroyed.
The wraith hits you but does no damage.
You hit the wraith.
You destroy the wraith!
Okawaru is honoured by your kill.
Your Fighting skill increases to level 8!
Your Polearms skill increases to level 7!
Your Armour skill increases to level 7!
Your Shields skill increases to level 7!
You closely miss something.
The shadow strikes at you from the darkness!
Reactivating autopickup.
You take 21 damage, and have 24/56 hp.
MASSIVE DAMAGE!!
You closely miss the shadow.
Your tail-slap misses the shadow.
The shadow slips into darkness.
The shadow flickers and vanishes!
Deactivating autopickup; reactivate with Ctrl-A.
You barely miss something. You miss something. You tail-slap something!
The shadow strikes at you from the darkness!
* * * LOW HITPOINT WARNING * * *
Reactivating autopickup.
You take 17 damage, and have 7/56 hp.
MASSIVE DAMAGE!!
You completely miss the shadow. You tail-slap the shadow.
The shadow is moderately damaged.
The shadow hits you.
You hit the shadow but do no damage. You tail-slap the shadow.
The shadow is heavily damaged.
The shadow hits you!
You die... ▓▓▓▓▓▓▓▓▓▓▓▓▓▓▓▓▓▓▓▓▓▓▓▓ _______'..[.....@WYTZ... ▓▓▓▓▓▓▓▓▓▓▓▓▓▓▓▓▓▓▓▓▓▓▓▓

You could see a yak, a troll, a shadow and a ball python zombie.

Vanquished Creatures
  2 wraiths (D)
  A sky beast (D)
  A scorpion (D)
  A jelly (D)
  An iguana (D)
  A shadow imp (D)
  A kobold (D)
  A quokka (D)
  A ball python (D)
  A bat (D)
  A frilled lizard (D)
12 creatures vanquished.

Notes
Turn   | Place    | Note
-------+----------+-------------------------------------------
     0 | D        | tatocazan the Demonspawn Fighter began the quest for the
                  | Orb.
     0 | D        | Reached XP level 1. HP: 18/18 MP: 1/1
   215 | D        | Noticed a sky beast
   215 | D        | Noticed an iguana
   215 | D        | Noticed a jelly
   215 | D        | Noticed a scorpion
   221 | D        | Killed a sky beast
   222 | D        | Reached skill level 5 in Fighting
   222 | D        | Gained mutation: You have a small tail. [demonic ancestry]
   222 | D        | Reached XP level 2. HP: 27/27 MP: 2/2
   222 | D        | Reached XP level 3. HP: 33/33 MP: 3/3
   222 | D        | Gained mutation: You have an unusually large brain. (Int
                  | +2) [demonic ancestry]
   222 | D        | Reached XP level 4. HP: 39/39 MP: 4/4
   227 | D        | Reached skill level 5 in Armour
   227 | D        | Reached skill level 5 in Shields
   228 | D        | Gained mutation: You have a tail ending in a sharp stinger.
                  | [demonic ancestry]
   228 | D        | Reached XP level 5. HP: 45/46 MP: 5/5
   231 | D        | Reached skill level 6 in Fighting
   231 | D        | Reached skill level 5 in Polearms
   328 | D        | Found a snail-covered altar of Cheibriados.
   328 | D        | Found a shadowy altar of Dithmenos.
   328 | D        | Found a blossoming altar of Fedhas.
   328 | D        | Found an opulent altar of Gozag.
   329 | D        | Found a hazy altar of Hepliaklqana.
   330 | D        | Found a viscous altar of Jiyva.
   331 | D        | Found an ancient bone altar of Kikubaaqudgha.
   332 | D        | Found a corrupted altar of Lugonu.
   333 | D        | Found a burning altar of Makhleb.
   334 | D        | Found a sparkling altar of Nemelex Xobeh.
   335 | D        | Found an iron altar of Okawaru.
   336 | D        | Found a stormy altar of Qazlal.
   337 | D        | Found a sacrificial altar of Ru.
   338 | D        | Found a shimmering blue altar of Sif Muna.
   339 | D        | Found a bloodstained altar of Trog.
   340 | D        | Found a hide-covered altar of Uskayaw.
   341 | D        | Found a radiant altar of Vehumet.
   342 | D        | Found an ornate altar of the Wu Jian Council.
   343 | D        | Became a worshipper of Warmaster Okawaru
   344 | D        | Found a shimmering altar of Xom.
   345 | D        | Found a basalt altar of Yredelemnul.
   404 | D        | Noticed a wraith
   404 | D        | Noticed a wraith
   404 | D        | Noticed a shadow
   404 | D        | Noticed a yak
   404 | D        | Noticed a troll
   418 | D        | Killed a wraith
   418 | D        | Reached * piety under Okawaru
   419 | D        | Reached skill level 7 in Fighting
   419 | D        | Gained mutation: Spells you cast may paralyse adjacent
                  | enemies. [demonic ancestry]
   419 | D        | Reached XP level 6. HP: 50/55 MP: 6/6
   427 | D        | Killed a wraith
   428 | D        | Reached skill level 8 in Fighting
   433 | D        | Slain by a shadow

Illustrated notes

Levels and vault maps discovered:
D:        linesprint [early_d, line_temple, items_1, d_10, items_2, lair_1,
          lair_end, items_3, orc_1, orc_end, items_4, d_15, swamp_1, shoals_1,
          snake_1, spider_1, d_20, vaults_1, items_5, swamp_end, shoals_end,
          snake_end, spider_end, vaults_end, d_27, items_6, zot_1, zot_end,
          crypt_end, forest_end, elf_end, slime_end, tomb_end, abyss_end,
          pan_hell_end]

Skill      XL: |  1  2  3  4  5  6 |
---------------+-------------------+-----
Polearms       | 4 6 7 |  7.0
Armour         | 4 5 6 7 |  7.4
Shields        | 4 5 6 7 |  7.4
Fighting       | 5 7 8 |  8.1

Action                   |  1- 3 |  4- 6 || total
-------------------------+-------+-------++-------
Melee: Trident           |    28 |    10 ||    38
       Halberd           |       |    28 ||    28
       Tailslap          |       |     8 ||     8
  Use: Potion            |     1 |     1 ||     2
Armor: Scale mail        |    14 |       ||    14
       Chain mail        |       |    11 ||    11
Dodge: Dodged            |    12 |     8 ||    20
Block: Buckler           |     7 |     1 ||     8

Table legend: (Time is in decaauts)
 A = Elapsed time spent in this place.
 B = Non-inter-level travel time spent in this place.
 C = Inter-level travel time spent in this place.
 D = Time resting spent in this place.
 E = Time spent auto-exploring this place.
 F = Levels seen in this place.
 G = Mean time per level.
                   A        B        C        D        E       F      G
               +--------+--------+--------+--------+--------+-----+--------+
         Total |    444 |    444 |      0 |    285 |      0 |   1 |  444.0 |
       Dungeon |    444 |    444 |      0 |    285 |      0 |   1 |  444.0 |
               +--------+--------+--------+--------+--------+-----+--------+

Top non-repeatable levels by time:
       D: 444 daAuts
